 Dungeon Crawl Stone Soup version 0.28.0-53-g5a82cb258f (webtiles) character file.

Game seed: 4129489361739732933

133 mkninja the Ducker (level 4, -3/34 HPs)
             Began as a Vampire Gladiator on June 12, 2022.
             Was a Follower of Okawaru.
             Slain by a scorpion (6 damage)
             ... on level 4 of the Dungeon.
             The game lasted 00:22:35 (3391 turns).

mkninja the Ducker (Vampire Gladiator)              Turns: 3391, Time: 00:22:36

Health: -3/34      AC:  7    Str: 15    XL:     4   Next: 93%
Magic:  4/4        EV: 10    Int: 10    God:    Okawaru [*.....]
Gold:   90         SH:  0    Dex: 15    Spells: 3/3 levels left

rFire   . . .      SeeInvis +   f - +2 trident (flame)
rCold   + . .      Faith    .   (no shield)
rNeg    . . .      Spirit   .   i - +0 scale mail {rC+}
rPois   .          Reflect  .   c - +0 helmet
rElec   .          Harm     .   (no cloak)
rCorr   .          Rampage  .   (no gloves)
Will    .....                   (no boots)
Stlth   ..........              (no amulet)
HPRegen 0.31/turn               (no ring)
MPRegen 0.09/turn               (no ring)

@: lethally poisoned (-3 -> -6), healing quickly, slowed, very slow
A: alive, fangs 3, see invisible, vampiric 2
a: Exsanguinate, Renounce Religion, Heroism


You were on level 4 of the Dungeon.
You worshipped Okawaru.
Okawaru was aware of your devotion.
You visited 1 branch of the dungeon, and saw 4 of its levels.

You collected 90 gold pieces.

Inventory:

Hand Weapons
 a - a +1 rapier
 e - a +0 whip
 f - a +2 trident of flaming (weapon)
 h - a +1 mace of protection
Missiles
 d - 3 throwing nets
 g - 68 stones (quivered)
Armour
 b - a +0 leather armour
 c - a +0 helmet (worn)
 i - a +0 scale mail of cold resistance (worn)


   Skills:
 + Level 2.4 Fighting
 + Level 3.8(4.3) Short Blades
 * Level 2.5(3.4) Long Blades
 + Level 0.4 Maces & Flails
 + Level 2.1 Throwing
 + Level 3.9 Dodging


You had 3 spell levels left.
You didn't know any spells.
Your spell library was empty.

Dungeon Overview and Level Annotations

Branches:
Dungeon (4/15)
 Temple: D:4-7

Altars:
Okawaru

Annotations:
D:4 Natasha


Innate Abilities, Weirdness & Mutations

Your natural rate of healing is accelerated.
You have razor-sharp teeth.
You have supernaturally acute eyesight. (SInv)
You are afflicted with vampirism and can become a bat while bloodless.


Message History

A scorpion and a kobold come into view.
Found a bubbling dark potion, a weird glowing staff and a scroll of identify.
The kobold shouts!
The kobold throws a stone.
The stone hits you.
Natasha mumbles some strange words.
The kobold throws a stone.
The stone barely misses you. Natasha barely misses you.
The scorpion stings you!
You are poisoned.
The scorpion poisons you! Natasha claws you.
You hit the scorpion but do no damage.
You feel very sick. The scorpion stings you.
The scorpion stings you but does no damage.
Natasha barely misses you.
The white imp hits you but does no damage.
The scorpion stings you.
Natasha mumbles some strange words.
You closely miss the scorpion.
You feel very sick. The white imp gestures at you. The puff of frost hits you.
You resist.
* * * LOW HITPOINT WARNING * * *
The scorpion stings you but does no damage.
The kobold closely misses you. Natasha claws you but does no damage.
The iron imp closely misses you.
The white imp hits you but does no damage.
The scorpion stings you.
* * * LOW HITPOINT WARNING * * *
The worm misses you. The kobold hits you but does no damage.
You barely miss the white imp. You bite the white imp.
The white imp is heavily wounded.
* * * LOW HITPOINT WARNING * * *
You feel sick.
Natasha mumbles some strange words.
The scorpion stings you but does no damage.
The white imp hits you but does no damage.
The kobold hits you but does no damage. The iron imp misses you.
Natasha stares at you and mumbles some strange words.
You resist with some effort. The scorpion stings you.
You die...

............#
.###........# #.##
##........###...##
.##..##............#
.....#..#.#........#
#.......#.#.........
#.##......#......# .
..
##.........5K##....
##.......5@s......
#.#####..hw......#
#. #........... ..
#..5......!.. ...
.............. ...
.|............. ...
..#.............
.?..............


You could see a worm, a scorpion, 2 iron imps, Natasha, a white imp (summoned)
and a kobold.

Vanquished Creatures
  Terence (D:3)
  A gnoll (D:1)
  2 adders (D:3)
  3 worms
  2 dart slugs
  An orc (D:3)
  7 ball pythons
  4 endoplasms
  4 giant cockroaches
  4 goblins
  4 hobgoblins
  4 jackals (D:1)
  5 kobolds
  4 quokkas
  5 bats
  3 frilled lizards
  7 rats
  8 bushes (D:3)
69 creatures vanquished.

Notes
Turn   | Place    | Note
-------+----------+-------------------------------------------
     0 | D:1      | mkninja the Vampire Gladiator began the quest for the Orb.
     0 | D:1      | Reached XP level 1. HP: 16/16 MP: 1/1
    62 | D:1      | Reached skill level 1 in Long Blades
    62 | D:1      | Reached XP level 2. HP: 9/22 MP: 2/2
   393 | D:1      | Gained mutation: You are afflicted with vampirism and can
                  | become a bat while bloodless. [Vampire growth]
   393 | D:1      | Reached XP level 3. HP: 21/27 MP: 3/3
  1146 | D:2      | Found a faded altar of an unknown god.
  1185 | D:2      | Prayed at the altar of an unknown god.
  1185 | D:2      | Became a worshipper of Warmaster Okawaru
  1185 | D:2      | Reached * piety under Okawaru
  1311 | D:2      | Reached XP level 4. HP: 33/33 MP: 4/4
  2624 | D:3      | Noticed Terence
  2633 | D:3      | Killed Terence
  3384 | D:4      | Noticed Natasha
  3386 | D:4      | Noticed a scorpion
  3391 | D:4      | Slain by a scorpion

Illustrated notes

Levels and vault maps discovered:
D:1:      heliophobic_arrival_ceremonial_halls, layout_basic, nrook_mini_vaults
D:2:      layout_rooms, hellmonk_ecumenical_altar_crossroads,
          hangedman_feature_mirror
D:3:      layout_basic, nrook_campfire, minmay_misc_feat_plants,
          minmay_quantized, uniq_terence
D:4:      layout_cave_pools, mainiacjoe_overflow_catwalk_spiral, serial_shops,
          nicolae_shop_stone, grunt_ministairs_4, uniq_natasha,
          uniq_crazy_yiuf_cottage

Skill      XL: |  1  2  3 |
---------------+----------+-----
Long Blades    | 1 2 |  2.5
Fighting       | 2 |  2.4
Throwing       | 2 |  2.1
Short Blades   | |  3.8
Maces & Flails | |  0.4
Dodging        | |  3.9

Action                   |  1- 3 |  4- 6 || total
-------------------------+-------+-------++-------
Melee: Rapier            |   106 |   717 ||   823
       Bite              |     9 |   171 ||   180
       Punch             |     3 |    19 ||    22
       Mace              |       |    18 ||    18
       Trident           |       |     3 ||     3
Throw: Stone             |    17 |     6 ||    23
Invok: Heroism           |       |     1 ||     1
 Abil: Exsanguinate      |     1 |       ||     1
  Use: Potion            |     2 |     1 ||     3
       Scroll            |     4 |     1 ||     5
Armor: Leather armour    |    50 |     6 ||    56
       Scale mail        |       |    22 ||    22
Dodge: Dodged            |   131 |    52 ||   183
